 Dungeon Crawl Stone Soup version 0.30-a0-862-g1aabd4f9c5 (webtiles) character file.

Game seed: 7767711664131448410

15 Maxmaps the Ducker (level 2, -2/29 HPs)
             Began as a Gnoll Monk on Mar 10, 2023.
             Killed from afar by a dart slug (4 damage)
             ... with a slug dart
             ... on level 1 of the Dungeon.
             The game lasted 00:00:31 (254 turns).

Maxmaps the Ducker (Gnoll Monk)                      Turns: 254, Time: 00:00:32

Health: -2/29      AC:  2    Str: 16    XL:     2   Next: 50%
Magic:  0/0        EV: 15    Int:  9    God:
Gold:   6          SH:  0    Dex: 14    Spells: 2/2 levels left

rFire   . . .      SeeInvis .    g - +1 whip (antimagic)
rCold   . . .      Faith    .    (no shield)
rNeg    . . .      Spirit   .    b - +0 robe
rPois   .          Reflect  .    (no helmet)
rElec   .          Rampage  .    (no cloak)
rCorr   .                        (no gloves)
Will    .....                    (no boots)
Stlth   +++                      (no amulet)
HPRegen 0.24/turn                e - +6 ring of strength
MPRegen 0.07/turn                (no ring)

@: no status effects
A: fangs 1, strong nose, distributed training
a: no special abilities


You were on level 1 of the Dungeon.
You visited 1 branch of the dungeon, and saw 1 of its levels.

You collected 6 gold pieces.

Inventory:

Hand Weapons
 a - a +0 falchion
 g - a +1 antimagic whip (weapon)
Armour
 b - a +0 robe (worn)
Jewellery
 e - a +6 ring of strength (left hand)
Scrolls
 d - 2 scrolls of identify {unknown}
 f - a scroll of poison {unknown}
Potions
 c - a potion of ambrosia


   Skills:
 + Level 6.5 Fighting
 + Level 0.5 Short Blades
 + Level 6.5 Long Blades
 + Level 0.5 Axes
 + Level 0.5 Maces & Flails
 + Level 0.5 Polearms
 + Level 0.5 Staves
 + Level 0.5 Ranged Weapons
 + Level 0.5 Throwing
 + Level 0.5 Armour
 + Level 6.5 Dodging
 + Level 4.1 Stealth
 + Level 0.5 Shields
 + Level 0.5 Unarmed Combat
 + Level 0.5 Spellcasting
 + Level 0.3 Conjurations
 + Level 0.3 Hexes
 + Level 0.3 Summonings
 + Level 0.3 Necromancy
 + Level 0.3 Translocations
 + Level 0.3 Transmutations
 + Level 0.3 Fire Magic
 + Level 0.3 Ice Magic
 + Level 0.3 Air Magic
 + Level 0.3 Earth Magic
 + Level 0.3 Poison Magic
 + Level 0.6 Invocations
 + Level 0.5 Evocations


You had 2 spell levels left.
You didn't know any spells.
Your spell library was empty.

Dungeon Overview and Level Annotations

Branches:
Dungeon (1/15)

Altars:

Shops:
D:1 [


Innate Abilities, Weirdness & Mutations

You have very sharp teeth.
Your uncanny sense of smell can sniff out nearby items.
Your experience applies equally to all skills.


Message History

You hit the kobold.
The kobold is severely wounded.
The quokka barely misses you. The kobold hits you with a +0 dagger.
* * * LOW HITPOINT WARNING * * *
You barely miss the kobold.
The kobold is severely wounded.
The quokka closely misses you. The quokka barely misses you.
The kobold closely misses you.
You closely miss the kobold.
The kobold is severely wounded.
The quokka barely misses you. The kobold closely misses you.
You hit the kobold.
You kill the kobold!
The quokka barely misses you.
You barely miss the ball python. The ball python barely misses you.
The ball python misses you. The quokka closely misses you.
The ball python misses you. The ball python barely misses you.
The quokka bites you.
* * * LOW HITPOINT WARNING * * *
You closely miss the ball python. The ball python completely misses you.
The ball python closely misses you. The quokka misses you.
You hit the ball python.
You kill the ball python!
The quokka closely misses you. The quokka attacks as you move away!
The quokka barely misses you. The quokka closely misses you.
Items here: ) ††††.
A hobgoblin comes into view.
The quokka attacks as you move away! The quokka barely misses you.
The quokka attacks as you move away! The quokka closely misses you.
The quokka bites you.
* * * LOW HITPOINT WARNING * * *
A dart slug comes into view.
The quokka attacks as you move away! The quokka bites you.
* * * LOW HITPOINT WARNING * * *
Found 5 gold pieces.
The hobgoblin shouts!
The dart slug launches a dart at you. The slug dart hits you.
You die...

.......##### #.
......#.... ##.###
#.......... .#.#..
######.........$
.....####...............
....... ...............
......#######..r....w...
#....)......g@..#
#.######........# ∆
#.....##........#
#.....##........#
####.....##........#
.........###########
..#......# ..#....###
..######


You could see a dart slug, a quokka and a hobgoblin.

Vanquished Creatures
  An endoplasm (D:1)
  4 hobgoblins (D:1)
  A quokka (D:1)
  3 ball pythons (D:1)
  A bat (D:1)
  3 kobolds (D:1)
13 creatures vanquished.

Notes
Turn   | Place    | Note
-------+----------+-------------------------------------------
     0 | D:1      | Maxmaps the Gnoll Monk began the quest for the Orb.
     0 | D:1      | Reached XP level 1. HP: 23/23 MP: 1/1
   140 | D:1      | Found Zaukhun's Antique Armour Boutique.
   200 | D:1      | Reached XP level 2. HP: 29/29 MP: 0/2
   254 | D:1      | Killed from afar by a dart slug

Illustrated notes

Levels and vault maps discovered:
D:1:      dpeg_arrival_morbid_curiosity, layout_basic,
          hellmonk_ecumenical_altar_leap_of_faith, serial_shops, shop_fountains,
          dk_noncrumbling_4, st_stairs_2

Action                     || total
---------------------------++-------
  Melee: Falchion          ||    12
         Whip              ||    23
         Bite              ||     2
   Stab: Sleeping          ||     2
 Armour: Robe              ||     6
  Dodge: Dodged            ||    47

Table legend: (Time is in decaauts)
 A = Elapsed time spent in this place.
 B = Non-inter-level travel time spent in this place.
 C = Inter-level travel time spent in this place.
 D = Time resting spent in this place.
 E = Time spent auto-exploring this place.
 F = Levels seen in this place.
 G = Mean time per level.
                   A        B        C        D        E       F      G
               +--------+--------+--------+--------+--------+-----+--------+
         Total |    254 |    254 |      0 |      0 |    137 |   1 |  254.0 |
       Dungeon |    254 |    254 |      0 |      0 |    137 |   1 |  254.0 |
               +--------+--------+--------+--------+--------+-----+--------+

Top non-repeatable levels by time:
     D:1: 254 daAuts
